 Dungeon Crawl Stone Soup version 0.25-a0-42-g6c54e25894 (webtiles) character file.

Game seed: 17172838998270789396, levelgen mode: deterministic

42 Mort the Cudgeler (level 3, -2/29 HPs)
             Began as a Formicid Warper on Oct 23, 2019.
             Slain by Natasha (6 damage)
             ... on level 1 of the Dungeon.
             The game lasted 00:05:56 (1595 turns).

Mort the Cudgeler (Formicid Warper)                 Turns: 1595, Time: 00:05:58

Health: -2/29      AC:  5    Str: 16    XL:     3   Next: 80%
Magic:  6/6        EV: 11    Int: 12    God:
Gold:   66         SH:  0    Dex: 10    Spells: 6/6 levels left

rFire    . . .     SeeInvis +   h - +0 dagger
rCold    . . .     Gourm    .   (no shield)
rNeg     . . .     Faith    .   m - +0 ring mail
rPois    .         Spirit   .   (helmet unavailable)
rElec    .         Reflect  .   (no cloak)
rCorr    .         Harm     .   (no gloves)
MR       .....                  (no boots)
Stlth    ..........             (no amulet)
HPRegen  0.09/turn              (no ring)
MPRegen  0.10/turn              (no ring)

@: no status effects
A: permanent stasis, dig shafts and tunnels, four strong arms, antennae 3
a: Dig, Shaft Self


You were on level 1 of the Dungeon.
You were hungry.

You visited 1 branch of the dungeon, and saw 2 of its levels.

You collected 66 gold pieces.

Inventory:

Hand Weapons
 a - a +0 mace
 h - a +0 dagger (weapon)
Missiles
 e - 5 boomerangs of dispersal (quivered)
 i - 54 stones
Armour
 b - a +0 leather armour
 m - a +0 ring mail (worn)
Jewellery
 g - an uncursed ring of wizardry {unknown}
 o - an uncursed ring of protection from cold {unknown}
Scrolls
 d - a scroll of blinking
 k - a scroll of enchant weapon {unknown}
 l - a scroll of remove curse {unknown}
 n - a scroll of fog {unknown}
 p - a scroll of fear {unknown}
 r - a scroll of teleportation {unknown}
Potions
 q - a potion of ambrosia {unknown}
Comestibles
 f - 6 rations


   Skills:
 + Level 3.0 Fighting
 * Level 3.3 Maces & Flails
 - Level 1.0 Throwing
 - Level 1.1 Armour
 - Level 1.7 Dodging
 - Level 2.1 Spellcasting
   Level 2.6 Translocations


You had 6 spell levels left.
You didn't know any spells.
Your spell library contained the following spells:

 Spells                   Type           Power        Failure   Level  Hunger
 Shroud of Golubria       Chrm/Tloc      #.....       41%         2    ###....
 Gell's Gravitas          Tloc           #.........   45%         3    ####...
 Lesser Beckoning         Tloc           #.........   45%         3    ####...
 Teleport Other           Tloc           #.......     45%         3    ####...
 Passage of Golubria      Tloc           N/A          86%         4    #####..
 Blink                    Tloc           Unusable     N/A         2    N/A

Dungeon Overview and Level Annotations

Branches:
Dungeon (2/15)

Altars:

Annotations:
D:1 Natasha


Innate Abilities, Weirdness & Mutations

You cannot be hasted, slowed, berserked, paralysed or teleported.
You can dig through walls and to a lower floor.
Your four strong arms can wield two-handed weapons with a shield.
You have a pair of large antennae on your head. (SInv)


Message History

You hit Natasha but do no damage.
Natasha is lightly wounded.
Natasha claws you.
There is a stone staircase leading up here.
Natasha claws you!
* * * LOW HITPOINT WARNING * * *
You climb upwards.
There is a stone staircase leading down, spattered with blood here.
Natasha claws you.
* * * LOW HITPOINT WARNING * * *
You see here an adder skeleton.
Unknown command.
Are you sure you want to shaft yourself?
You feel quite a bit more hungry.
Natasha stares at you and mumbles some strange words.
The magic dart hits you.
* * * LOW HITPOINT WARNING * * *
You begin to dig a shaft.
You continue digging a shaft.
Natasha claws you.
You die...

#.##...####......##..#
###.##.............##..#
#........####.##...##..#
#.#...........##...##..#
#.####...####.##.)......
#.# #.............#.#.#
#.####.#.....#.....#...#
#.##..h####.###..#.###.#
#.##..>@.[.## #.....##.#
####.##...####.###....###.#
#....###..##....#..........
#.######.....#........###.#
#.# #.........#.#.#.......
#.# #.###..#.##.#.##.#####
#.# #.# #..#.##.#.##.# #
#.# #.###..#.##)#.##.# ##
#.# #......#.##.#.##.####.


You could see Natasha.

Vanquished Creatures
  An adder (D:1)
  A leopard gecko (D:1)
  A giant cockroach (D:1)
  10 goblins
  6 hobgoblins
  A bat (D:1)
  2 frilled lizards (D:1)
  5 kobolds
  3 rats (D:1)
30 creatures vanquished.

Notes
Turn   | Place    | Note
-------+----------+-------------------------------------------
     0 | D:1      | Mort the Formicid Warper began the quest for the Orb.
     0 | D:1      | Reached XP level 1. HP: 16/16 MP: 3/3
   131 | D:1      | Reached XP level 2. HP: 18/23 MP: 5/5
   619 | D:1      | Reached XP level 3. HP: 26/28 MP: 6/6
  1189 | D:2      | Noticed Natasha
  1595 | D:1      | Slain by Natasha

Levels and vault maps discovered:
D:1:      zelgadis_glass_arrival_small, layout_loops_ring
D:2:      layout_loops_ring, nicolae_overflow_quartered_altars,
          minmay_misc_feat_roman, minmay_pentomino_u2, uniq_natasha

Skill      XL: |  1  2  3 |
---------------+----------+-----
Maces & Flails | 3 |  3.3
Fighting       | 3 |  3.0
Throwing       | |  1.0
Armour         | |  1.1
Dodging        | |  1.7
Spellcasting   | |  2.1
Translocations | |  2.6

Action                   || total
-------------------------++-------
Melee: Dagger            ||   158
       Mace              ||     5
 Abil: Dig               ||     1
       Shaft Self        ||     1
  Use: Potion            ||     2
  Eat: Chunk             ||     2
Armor: Leather armour    ||    18
       Ring mail         ||    32
       Skin              ||    12
Dodge: Dodged            ||    76

Table legend:
 A = Non-vault XP
 B = Vault XP
 C = Vault XP percentage of total XP
 D = Non-vault monster count
 E = Vault monster count
 F = Vault count percentage of total count
                 A         B        C        D         E       F
            +---------+---------+-------+---------+---------+-------
      Total |      60 |       1 |   1.6 |      29 |       1 |   3.3
            +---------+---------+-------+---------+---------+-------
        D:1 |      52 |       0 |   0.0 |      24 |       0 |   0.0
        D:2 |       8 |       1 |  11.1 |       5 |       1 |  16.7
            +---------+---------+-------+---------+---------+-------
